 Dungeon Crawl Stone Soup version 0.19.4 (webtiles) character file.

9174 Kiturien the Cleaver (level 11, -13/102 HPs)
             Began as a Hill Orc Fighter on Feb 3, 2017.
             Was a Priest of Qazlal.
             Killed by divine providence
             ... invoked by Saint Roka
              (16 damage)
             ... on level 2 of the Orcish Mines on Feb 4, 2017.
             The game lasted 00:36:38 (10826 turns).

Kiturien the Cleaver (Hill Orc Fighter)            Turns: 10826, Time: 00:36:38

Health: -13/102    AC: 17    Str: 23    XL:     11   Next: 42%
Magic:  11/11      EV:  6    Int:  8    God:    Qazlal [***...]
Gold:   1082       SH: 16    Dex: 14    Spells: 0 memorised, 10 levels left

rFire  . . .     SeeInvis +     a - +0 war axe
rCold  . . .     Gourm    +     l - +0 plate armour
rNeg   . . .     Faith    .     c - +0 shield
rPois  .         Spirit   .     s - +0 hat
rElec  .         Reflect  .     t - +0 cloak
rCorr  .         Harm     .     n - +0 pair of gloves
MR     .....                    y - +0 pair of boots
Stlth  ..........               N - amulet of the gourmand
                                R - +4 ring of dexterity
                                I - ring of see invisible

@: no status effects
A: no striking features
a: Upheaval, Elemental Force, Renounce Religion, Convert to Beogh


You were on level 2 of the Orcish Mines.
You worshipped Qazlal.
Qazlal was most pleased with you.
You were completely stuffed.

You visited 3 branches of the dungeon, and saw 12 of its levels.
You also visited: Ossuary.

You collected 1082 gold pieces.

Inventory:

Hand Weapons
 a - a +0 war axe (weapon)
Missiles
 G - 4 tomahawks of dispersal (quivered)
Armour
 c - a +0 shield (worn)
 l - a +0 plate armour (worn)
 n - a +0 pair of gloves (worn)
 s - a +0 hat (worn)
 t - a +0 cloak (worn)
 y - a +0 pair of boots (worn)
Magical Staves
 D - an uncursed staff of conjuration
Jewellery
 I - a ring of see invisible (left hand)
 L - a +1 ring of evasion
 N - an amulet of the gourmand (around neck)
 O - an uncursed amulet of magic regeneration
 P - an uncursed ring of fire
 R - a +4 ring of dexterity (right hand)
Wands
 e - a wand of paralysis (10/24)
 u - a wand of polymorph (13/24)
 M - a wand of disintegration (13/24)
 Q - a wand of polymorph (10/24)
Scrolls
 j - a scroll of holy word {unknown}
 p - 2 scrolls of immolation
 q - a scroll of teleportation {unknown}
 r - a scroll of silence {unknown}
 w - a scroll of enchant weapon {unknown}
 A - 2 scrolls of magic mapping {unknown}
 C - 2 scrolls of noise {unknown}
 F - a scroll of brand weapon {unknown}
 H - 5 scrolls of remove curse
Potions
 b - a potion of agility
 d - a potion of might
 g - 11 potions of curing
 i - 2 potions of lignification
 k - 4 potions of flight
 m - a potion of mutation {unknown}
 v - a potion of ambrosia {unknown}
 x - a potion of cancellation {unknown}
 z - a potion of cure mutation {unknown}
 B - 3 potions of brilliance
 J - a potion of resistance {unknown}
 K - a potion of berserk rage {unknown}
Comestibles
 f - 8 bread rations
 h - 13 chunks of flesh
 o - a meat ration
 E - 2 beef jerkies


   Skills:
 * Level 11.4 Fighting
 + Level 14.0 Axes
 + Level 8.1 Armour
 + Level 1.7 Dodging
 + Level 8.4 Shields


You had 10 spell levels left.
You didn't know any spells.

Dungeon Overview and Level Annotations

Branches:
Dungeon (9/15)             Temple (1/1) D:5             Orc (2/2) D:9
    Elf (0/3) Orc:2
   Lair: D:8-11

Altars:
Ashenzari
Cheibriados
Dithmenos
Elyvilon
Fedhas
Gozag
Hepliaklqana
Kikubaaqudgha
Makhleb
Nemelex Xobeh
Okawaru
Qazlal
Ru
Sif Muna
Trog
Uskayaw
Vehumet
Xom
Yredelemnul
Zin
The Shining One

Shops:
D:8 ?

Annotations:
Orc:2 Saint Roka


Message History

a dagger; a robe; a club; an orc skeleton You hit the ogre.
The ogre is lightly wounded.
Saint Roka shouts, "Surrender to Beogh and we'll let you live!"
You hear a shout!
The ogre hits you with a giant spiked club!
Saint Roka calls down the wrath of Beogh upon you.
Beogh smites you!
* * * LOW HITPOINT WARNING * * *
An orc priest comes into view. It is wielding a club.
Saint Roka shouts, "Join the one true god or die!"
Saint Roka invokes the aid of Beogh against you.
Beogh smites you!
* * * LOW HITPOINT WARNING * * *
Saint Roka calls down the wrath of Beogh upon you.
Beogh smites you!
* * * LOW HITPOINT WARNING * * *
Saint Roka mumbles some strange prayers to Beogh against you.
Beogh smites you!
You die...

.........## #.... ....
..........# ##.#.# ##...
.....##...# #....# #....
.....##o..# ###....### #...
.......o..# ###......#.#####...
..........# #.##.....#.##......
.......O.## ####....[)..##.......
.........# #......[<)[..#.....#.
........######h.@..[#[).......[##
........#o#.#.§.§....#.....[.[.##
.......oo.ooo§O§..#.#........[)[.
...>....#o#.#.##.........###..)..
......######...#........###......
.......# ##.#........## ##.....
..###.## ####......#####.#.... ##
### #.........##.......
##.##....####.###.#


You could see Saint Roka, a warg, an orc warrior, an ogre and 2 orcs.

Vanquished Creatures
  An ogre mage (Orc:2)
  Pikel (D:7)
  An orc knight (Orc:2)
  A troll (Orc:1)
  Grinder (D:5)
  A hippogriff (D:7)
  A spriggan (D:7)
  A wyvern (D:8)
  2 humans (D:7)
  2 hungry ghosts (D:9)
  4 wargs
  10 orc warriors
  3 ice beasts
  A sky beast (D:8)
  A phantom (D:9)
  A necrophage (D:5)
  5 ogres
  A centaur (D:8)
  A big kobold (D:6)
  Blork the orc (D:5)
  2 bullfrogs (D:6)
  A gnoll sergeant (D:9)
  3 scorpions
  3 troll zombies (D:9)
  9 killer bees (D:9)
  4 howler monkeys
  17 wights
  4 centaur zombies
  3 crimson imps
  2 bullfrog zombies (D:8)
  Crazy Yiuf (D:2)
  A bullfrog skeleton (D:4)
  12 orc priests
  3 hounds
  2 jellies
  A centaur skeleton (D:5)
  An iguana (D:9)
  Jessica (D:2)
  12 orc wizards
  3 worker ants
  3 ogre zombies (D:9)
  A hound zombie (D:5)
  A hound skeleton (D:6)
  3 mummies (Ossuary)
  A howler monkey zombie (D:9)
  2 worker ant zombies
  6 adders
  5 gnolls (D:9)
  A shadow imp (D:6)
  An ooze (D:2)
  4 adder zombies (Ossuary)
  2 worms
  2 adder skeletons
  5 dart slugs
  5 leopard geckos
  50 orcs
  2 ball pythons
  5 bats
  5 giant cockroaches
  6 goblins
  7 hobgoblins
  6 jackals
  6 quokkas
  5 frilled lizards
  4 goblin zombies
  A hobgoblin skeleton (D:9)
  2 hobgoblin zombies (D:9)
  12 kobolds
  4 kobold zombies (Ossuary)
  4 orc skeletons (D:9)
  10 orc zombies
  A quokka skeleton (D:5)
  4 quokka zombies (Ossuary)
  8 rats
  4 rat zombies (Ossuary)
313 creatures vanquished.

Vanquished Creatures (others)
  Sigmund (D:5)
  2 slaves (D:7)
3 creatures vanquished.

Grand Total: 316 creatures vanquished

Notes
Turn   | Place    | Note
-------+----------+-------------------------------------------
     0 | D:1      | Kiturien the Hill Orc Fighter began the quest for the Orb.
     0 | D:1      | Reached XP level 1. HP: 19/19 MP: 1/1
    91 | D:1      | Reached XP level 2. HP: 24/26 MP: 2/2
    95 | D:1      | Reached skill level 3 in Axes
   487 | D:2      | Reached XP level 3. HP: 30/31 MP: 3/3
   817 | D:2      | Noticed Jessica
   822 | D:2      | Killed Jessica
   822 | D:2      | Reached XP level 4. HP: 32/40 MP: 4/4
  1030 | D:2      | Reached skill level 4 in Axes
  1123 | D:2      | Found a runed door.
  1171 | D:2      | Noticed Crazy Yiuf
  1176 | D:2      | Killed Crazy Yiuf
  1257 | D:3      | Reached XP level 5. HP: 46/46 MP: 5/5
  2416 | D:4      | Found a bloodstained altar of Trog.
  2652 | D:4      | Reached skill level 5 in Axes
  2678 | D:4      | Noticed an ogre
  2684 | D:4      | Killed an ogre
  2684 | D:4      | Reached XP level 6. HP: 32/53 MP: 6/6
  3196 | D:5      | Entered Level 5 of the Dungeon
  3212 | D:5      | Noticed Grinder
  3235 | D:5      | Killed Grinder
  3235 | D:5      | Reached skill level 5 in Fighting
  3235 | D:5      | Reached skill level 6 in Axes
  3235 | D:5      | Reached skill level 5 in Armour
  3235 | D:5      | Reached skill level 1 in Dodging
  3235 | D:5      | Reached XP level 7. HP: 29/61 MP: 7/7
  3439 | D:5      | You fall through a shaft!
  3553 | D:6      | Reached skill level 5 in Shields
  3568 | D:6      | Reached skill level 7 in Axes
  3641 | D:6      | Reached XP level 8. HP: 60/70 MP: 8/8
  3711 | D:6      | Found a sand-covered staircase.
  3745 | Ossuary  | Entered an ossuary
  3760 | Ossuary  | Reached skill level 8 in Axes
  4340 | D:6      | Reached skill level 9 in Axes
  4512 | D:6      | Reached XP level 9. HP: 44/79 MP: 9/9
  4741 | D:6      | Paralysed by an orc for 5 turns
  5371 | D:7      | Found an iron altar of Okawaru.
  5391 | D:7      | Reached skill level 10 in Axes
  5446 | D:7      | Noticed Pikel
  5472 | D:7      | Killed Pikel
  5745 | D:7      | Reached skill level 11 in Axes
  6671 | D:8      | Reached XP level 10. HP: 91/91 MP: 10/10
  6963 | D:8      | Found Nuadulu's Magic Scroll Shoppe.
  7084 | D:8      | Found a sacrificial altar of Ru.
  7188 | D:8      | Reached skill level 12 in Axes
  7576 | D:5      | Found a staircase to the Ecumenical Temple.
  7626 | Temple   | Entered the Ecumenical Temple
  7886 | Temple   | Became a worshipper of Qazlal Stormbringer
  8003 | D:5      | Noticed Sigmund
  8013 | D:5      | Killed Sigmund
  8050 | D:5      | Noticed Blork the orc
  8059 | D:5      | Killed Blork the orc
  8411 | D:9      | Reached skill level 10 in Fighting
  8454 | D:9      | Reached * piety under Qazlal
  8578 | D:9      | Found a staircase to the Orcish Mines.
  8613 | D:9      | Reached ** piety under Qazlal
  8858 | D:9      | Reached skill level 13 in Axes
  9285 | D:9      | Reached XP level 11. HP: 101/101 MP: 11/11
  9669 | Orc:1    | Entered Level 1 of the Orcish Mines
 10195 | Orc:2    | Entered Level 2 of the Orcish Mines
 10202 | Orc:2    | Reached *** piety under Qazlal
 10280 | Orc:2    | Noticed an orc knight
 10301 | Orc:1    | HP: 5/102 [orc warrior/flail[an orc knight] (18)]
 10586 | Orc:2    | Killed an orc knight
 10663 | Orc:2    | Found a staircase to the Elven Halls.
 10703 | Orc:2    | Noticed an ogre mage
 10755 | Orc:2    | Killed an ogre mage
 10755 | Orc:2    | Reached skill level 14 in Axes
 10790 | Orc:2    | Noticed Saint Roka
 10825 | Orc:2    | HP: 2/102 [Saint Roka/divine providence (13)]
 10826 | Orc:2    | Killed from afar by Saint Roka

Skill      XL: |  1  2  3  4  5  6  7  8  9 10 11 |
---------------+----------------------------------+-----
Axes           | 3 4 5 6 7 9 11 13 14 | 14.0
Armour         | 4 5 7 8 |  8.1
Shields        | 4 5 6 7 8 |  8.4
Fighting       | 4 5 7 9 10 11 | 11.4
Dodging        | 1 |  1.7

Action                   |  1- 3 |  4- 6 |  7- 9 | 10-12 || total
-------------------------+-------+-------+-------+-------++-------
Melee: War axe           |    70 |   187 |   391 |   522 ||  1170
  Use: Scroll            |     2 |       |     6 |     3 ||    11
       Potion            |       |     2 |     3 |     2 ||     7
  Eat: Chunk             |       |     5 |     8 |    23 ||    36
       Pizza             |       |     1 |       |       ||     1
       Bread ration      |       |       |     1 |     1 ||     2
Armor: Scale mail        |    18 |       |       |       ||    18
       Ring mail         |     5 |    78 |       |       ||    83
       Plate armour      |       |       |   220 |   204 ||   424
Dodge: Dodged            |    18 |    64 |    48 |    88 ||   218
Block: Shield            |    46 |    97 |   193 |   284 ||   620
